 Dungeon Crawl Stone Soup version 0.19.1-1-g22dce08 (webtiles) character file.

6237 TuxedoFelix the Carver (level 11, -2/81 HPs)
             Began as a Human Fighter on Jan 14, 2017.
             Was an Initiate of Okawaru.
             Slain by a killer bee (3 damage)
             ... on level 8 of the Dungeon on Jan 15, 2017.
             The game lasted 01:20:28 (9947 turns).

TuxedoFelix the Carver (Human Fighter)              Turns: 9947, Time: 01:20:29

Health: -2/81      AC: 16    Str: 20    XL:     11   Next: 14%
Magic:  12/12      EV: 10    Int: 11    God:    Okawaru [......]
Gold:   422        SH: 10    Dex: 12    Spells: 0 memorised, 10 levels left

rFire  + + .     SeeInvis .     b - +0 falchion (elec)
rCold  x . .     Gourm    .     k - +1 fire dragon scales
rNeg   . . .     Faith    .     c - +0 shield
rPois  .         Spirit   .     w - +0 helmet
rElec  .         Reflect  .     L - +0 cloak
rCorr  .         Harm     .     t - +0 pair of gloves
MR     .....                    A - +0 pair of boots
Stlth  ..........               (no amulet)
                                O - +5 ring of slaying
                                F - +2 ring of intelligence

@: lethally poisoned (-2 -> -9), drained
A: no striking features
a: Renounce Religion


You were on level 8 of the Dungeon.
You worshipped Okawaru.
Okawaru was noncommittal.
You were not hungry.

You visited 2 branches of the dungeon, and saw 9 of its levels.

You collected 422 gold pieces.

Inventory:

Hand Weapons
 a - a +0 long sword
 b - a +0 falchion of electrocution (weapon)
 K - a +0 hand crossbow
Missiles
 n - 18 tomahawks (quivered)
 P - 6 bolts
Armour
 c - a +0 shield (worn)
 f - the +7 scale mail "Mioryof" {Regen+ rCorr Str+5 Int-2, unknown}
   (You found it on level 4 of the Dungeon)

   It affects your strength (+5).
   It affects your intelligence (-2).
   It increases your rate of regeneration.
   It protects you from acid and corrosion.
 k - +1 fire dragon scales (worn)
 t - a +0 pair of gloves (worn)
 w - a +0 helmet (worn)
 A - a +0 pair of boots (worn)
 L - a +0 cloak (worn)
Magical Staves
 C - an uncursed staff of fire {unknown}
Jewellery
 u - an uncursed ring of wizardry
 F - a +2 ring of intelligence (left hand)
 O - a +5 ring of slaying (right hand)
Wands
 r - a wand of paralysis (11/24)
 v - a wand of confusion (16/48)
 y - a wand of random effects (15/48)
 z - a wand of iceblast (0/15)
 B - a wand of lightning (3/15)
 E - a wand of iceblast (3/15)
 G - a wand of polymorph (12/24)
 J - a wand of iceblast (3/15)
Scrolls
 l - a scroll of magic mapping
 D - 2 scrolls of remove curse
 M - a scroll of recharging
 N - a scroll of amnesia {unknown}
Potions
 g - a potion of degeneration {unknown}
 h - a potion of brilliance {unknown}
 i - a potion of cancellation
 q - 2 potions of cure mutation
 H - 2 potions of flight {unknown}
Books
 x - a book of Cantrips

   Spells                             Type                      Level
   a - Confusing Touch                Hexes                        1
   b - Animate Skeleton               Necromancy                   1
   c - Summon Small Mammal            Summoning                    1
   d - Apportation                    Translocation                1
 I - a book of Geomancy

   Spells                             Type                      Level
   a - Sandblast                      Earth                        1
   b - Passwall                       Transmutation/Earth          2
   c - Stone Arrow                    Conjuration/Earth            3
   d - Petrify                        Transmutation/Earth          4
   e - Lee's Rapid Deconstruction     Earth                        5
 R - a book of Geomancy

   Spells                             Type                      Level
   a - Sandblast                      Earth                        1
   b - Passwall                       Transmutation/Earth          2
   c - Stone Arrow                    Conjuration/Earth            3
   d - Petrify                        Transmutation/Earth          4
   e - Lee's Rapid Deconstruction     Earth                        5
Comestibles
 j - 6 bread rations
 o - 8 slices of pizza
 p - 2 meat rations
 s - 2 beef jerkies
 Q - 2 fruits


   Skills:
 + Level 6.3(5.9) Fighting
 + Level 9.5(9.1) Long Blades
 + Level 1.7(1.4) Crossbows
 + Level 4.5(4.1) Throwing
 + Level 7.2(6.9) Armour
 + Level 4.5(4.2) Dodging
 + Level 2.4(2.1) Stealth
 + Level 7.0(6.6) Shields
 + Level 2.0(1.7) Evocations


You had 10 spell levels left.
You didn't know any spells.

Dungeon Overview and Level Annotations

Branches:
Dungeon (8/15)             Temple (1/1) D:7
   Lair: D:8-11

Altars:
Ashenzari
Cheibriados
Dithmenos
Elyvilon
Fedhas
Gozag
Hepliaklqana
Kikubaaqudgha
Makhleb
Nemelex Xobeh
Okawaru
Qazlal
Ru
Sif Muna
Trog
Uskayaw
Vehumet
Xom
Yredelemnul
Zin
The Shining One


Message History

You block the chaos spawn's attack. You block the killer bee's attack.
There is an open door here.
You feel sick. You block the killer bee's attack.
The killer bee stings you but does no damage.
You feel sick. The killer bee barely misses you.
The killer bee stings you but does no damage.
You feel sick. The killer bee stings you.
* * * LOW HITPOINT WARNING * * *
You are lethally poisoned!
The killer bee poisons you!
* * * LOW HITPOINT WARNING * * *
You feel sick.
The killer bee stings you but does no damage.
As you read the scroll of fog, it crumbles to dust.
The scroll dissolves into smoke.
* * * LOW HITPOINT WARNING * * *
You feel sick. The killer bee stings you.
You die...

..#...#
..#...############
.................##
..............##..#
....#.............#
....#..#.⌠>.##+♣..#
....#...⌠?.#.#⌠#§.#
....##..+...⌠≈§§§§#
....##../#>8≈.⌠§@§#
....##.#⌠.)._..§y4#
...÷...+⌠.#.#.⌠...#
#####..⌠(#.#⌠.≈⌠.##
#........⌠...#
#.......'#...#
#............#
#.......$.####
###########


You could see a chaos spawn and a killer bee.

Vanquished Creatures
  The ghost of dngmouse the Cleaver, a novice HOFi of Makhleb (D:8)
  Pikel (D:4)
  2 hill giants
  The ghost of Megalobster the Conjurer, a novice DECj (D:5)
  Grinder (D:4)
  A yak (D:7)
  A human (D:7)
  Sigmund (D:4)
  3 hogs (D:7)
  Eustachio (D:4)
  A sky beast (D:7)
  A slave (D:4)
  An ice beast (D:5)
  An orc warrior (D:8)
  3 phantoms
  3 ogres
  5 centaurs
  A big kobold (D:7)
  2 bullfrogs (D:6)
  A wyvern skeleton (D:7)
  A water moccasin skeleton (D:7)
  2 killer bees (D:8)
  2 crimson imps
  A bullfrog zombie (D:7)
  7 hounds
  8 orc priests
  A centaur skeleton (D:6)
  3 orc wizards
  Crazy Yiuf (D:4)
  A bullfrog skeleton (D:6)
  Natasha (thrice) (D:4 D:7)
  5 worker ants
  A hound zombie (D:6)
  A worker ant zombie (D:5)
  Robin (D:3)
  3 adders
  6 gnolls (D:6)
  A howler monkey skeleton (D:6)
  A shadow imp (D:6)
  2 oozes (D:2)
  2 adder skeletons (D:4)
  4 worms
  3 dart slugs
  8 leopard geckos
  46 orcs
  11 bats
  4 giant cockroaches
  15 goblins
  16 hobgoblins
  8 jackals
  3 quokkas
  4 ball pythons
  5 frilled lizards
  2 jackal skeletons (D:4)
  13 kobolds
  6 rats
233 creatures vanquished.

Vanquished Creatures (others)
  2 slaves
  An orc priest (D:4)
  A worker ant (D:7)
  A leopard gecko (D:7)
5 creatures vanquished.

Grand Total: 238 creatures vanquished

Notes
Turn   | Place    | Note
-------+----------+-------------------------------------------
     0 | D:1      | TuxedoFelix the Human Fighter began the quest for the Orb.
     0 | D:1      | Reached XP level 1. HP: 18/18 MP: 1/1
   356 | D:1      | Reached XP level 2. HP: 21/24 MP: 2/2
   508 | D:1      | Reached XP level 3. HP: 26/29 MP: 3/3
  1387 | D:2      | Reached XP level 4. HP: 35/35 MP: 4/4
  2006 | D:3      | Reached skill level 3 in Long Blades
  2240 | D:3      | Noticed Robin
  2261 | D:3      | Reached XP level 5. HP: 38/41 MP: 5/5
  2271 | D:3      | Killed Robin
  2615 | D:3      | Reached skill level 1 in Dodging
  2784 | D:3      | Reached XP level 6. HP: 14/47 MP: 6/6
  3414 | D:3      | Reached skill level 4 in Long Blades
  3541 | D:4      | Noticed a slave
  3541 | D:4      | Noticed a slave
  3542 | D:4      | Noticed a slave
  3544 | D:4      | Noticed Pikel
  3547 | D:4      | Noticed a slave
  3560 | D:4      | Killed a slave
  3572 | D:4      | Killed Pikel
  3572 | D:4      | Reached skill level 5 in Long Blades
  3572 | D:4      | Reached XP level 7. HP: 44/55 MP: 7/7
  3572 | D:4      | Reached XP level 8. HP: 48/61 MP: 8/8
  3707 | D:4      | Noticed Natasha
  3715 | D:4      | Killed Natasha
  4012 | D:4      | Got a faintly humming scale mail
  4062 | D:4      | Found a shadowy altar of Dithmenos.
  4126 | D:4      | Noticed Natasha
  4133 | D:4      | Killed Natasha
  4142 | D:4      | Noticed Grinder
  4148 | D:4      | Paralysed by Grinder for 6 turns
  4176 | D:4      | Killed Grinder
  4176 | D:4      | Reached skill level 5 in Fighting
  4176 | D:4      | Reached skill level 1 in Throwing
  4319 | D:4      | Noticed Sigmund
  4328 | D:4      | Killed Sigmund
  4328 | D:4      | Reached skill level 6 in Long Blades
  4328 | D:4      | Reached skill level 5 in Armour
  4467 | D:4      | Noticed Eustachio
  4492 | D:4      | Killed Eustachio
  4559 | D:4      | Reached skill level 5 in Shields
  4601 | D:4      | Reached XP level 9. HP: 51/68 MP: 9/9
  4695 | D:4      | Found a runed door.
  4699 | D:4      | Noticed Crazy Yiuf
  4711 | D:4      | Killed Crazy Yiuf
  4758 | D:4      | Reached skill level 1 in Stealth
  4758 | D:4      | Reached skill level 1 in Evocations
  5083 | D:5      | Entered Level 5 of the Dungeon
  5507 | D:5      | Noticed Megalobster's ghost (novice DECj)
  5527 | D:5      | Killed Megalobster's ghost
  5527 | D:5      | Reached skill level 7 in Long Blades
  6328 | D:6      | Reached XP level 10. HP: 74/74 MP: 11/11
  7011 | D:6      | Noticed a hill giant
  7021 | D:6      | Killed a hill giant
  7021 | D:6      | Reached skill level 8 in Long Blades
  7614 | D:7      | Found a staircase to the Ecumenical Temple.
  7698 | D:7      | Noticed Natasha
  7733 | D:7      | Killed Natasha
  7797 | D:7      | Noticed a hill giant
  7810 | D:7      | Killed a hill giant
  7810 | D:7      | Reached skill level 9 in Long Blades
  8825 | Temple   | Entered the Ecumenical Temple
  8919 | Temple   | Became a worshipper of Warmaster Okawaru
  9395 | D:8      | Reached XP level 11. HP: 45/81 MP: 12/12
  9606 | D:8      | Found a shimmering altar of Xom.
  9753 | D:8      | Noticed dngmouse's ghost (novice HOFi)
  9784 | D:8      | HP: 2/81 [dngmouse's ghost (7)]
  9787 | D:8      | Killed dngmouse's ghost
  9787 | D:8      | Reached skill level 1 in Crossbows
  9945 | D:8      | HP: 3/81 [killer bee (5)]
  9947 | D:8      | HP: 1/81 [poisoned by a killer bee]
  9947 | D:8      | Slain by a killer bee

Skill      XL: |  1  2  3  4  5  6  7  8  9 10 11 |
---------------+----------------------------------+-----
Long Blades    | 3 5 6 7 9 |  9.5
Dodging        | 1 2 3 4 |  4.5
Armour         | 4 5 6 7 |  7.2
Fighting       | 4 5 6 |  6.3
Shields        | 4 5 6 7 |  7.0
Throwing       | 2 4 |  4.5
Stealth        | 1 2 |  2.4
Evocations     | 1 2 |  2.0
Crossbows      | 1 |  1.7

Action                   |  1- 3 |  4- 6 |  7- 9 | 10-12 || total
-------------------------+-------+-------+-------+-------++-------
Melee: Long sword        |   160 |   216 |       |       ||   376
       Falchion          |       |    44 |   235 |   264 ||   543
 Fire: Hand crossbow     |       |       |       |     9 ||     9
Throw: Tomahawk          |       |       |    35 |    17 ||    52
       Throwing net      |       |       |       |     1 ||     1
Evoke: Wand              |       |       |     8 |     6 ||    14
  Use: Scroll            |     3 |     6 |     6 |     2 ||    17
       Potion            |       |     2 |     2 |     2 ||     6
 Stab: Held in net/web   |       |       |       |     1 ||     1
  Eat: Chunk             |     2 |     4 |     4 |     1 ||    11
       Bread ration      |       |     1 |     1 |       ||     2
       Royal jelly       |       |       |       |     2 ||     2
       Meat ration       |       |       |       |     1 ||     1
       Beef jerky        |       |       |       |     1 ||     1
Armor: Scale mail        |    61 |       |       |       ||    61
       Fire dragon scale |    27 |   117 |   106 |   107 ||   357
Dodge: Dodged            |    60 |    65 |    60 |    84 ||   269
Block: Shield            |    97 |   101 |   116 |   138 ||   452
       Rpst.: Long sword |    16 |    20 |       |       ||    36
       Falchion          |       |     1 |    20 |    32 ||    53
